 Dungeon Crawl Stone Soup version 0.27.1-34-g3ba077fa99 (webtiles) character file.

Game seed: 15112455076899983308

597147 Krapule the Slayer (level 26, -6/228 HPs)
             Began as a Minotaur Fighter on Jan 30, 2022.
             Was the Champion of the Shining One.
             Killed by divine providence
             ... invoked by a mummy priest
              (14 damage)
             ... on level 3 of the Tomb of the Ancients on Feb 4, 2022.
             The game lasted 04:48:07 (52899 turns).

Krapule the Slayer (Minotaur Fighter)              Turns: 52899, Time: 04:48:08

Health: -6/228     AC: 34    Str: 27      XL:     26   Next: 38%
Magic:  30/40      EV: 22    Int:  5 (9)  God:    the Shining One [******]
Gold:   6156       SH: 21    Dex: 26 (28) Spells: 25/25 levels left

rFire    + + +     SeeInvis +   a - +9 eveningstar (vorpal)
rCold    + + .     Faith    .   l - +5 kite shield of Gozag's Delight {*Corrode rElec Dex+9 SInv}
rNeg     + + +     Spirit   .   t - +9 scales of the Dragon King {rPois rF+ rC+ Will+}
rPois    +         Reflect  .   r - +3 hat of Polish {Dex+2}
rElec    +         Harm     .   P - scarf {rC+ rF+}
rCorr    +         Rampage  .   R - +1 pair of gloves of Inabb {rElec Str+3}
Will     ++...                  v - +1 pair of boots of the Other Side {Int+4}
Stlth    ..........             Y - amulet of regeneration
HPRegen  1.48/turn              S - ring "Razyubia" {MP+9 Str+3 Slay+2}
MPRegen  0.27/turn              J - ring of Nemut {rPois rF+ rCorr Str-5 Slay+4}

@: lethally poisoned (-6 -> -6), marked, corroded, unable to read, slowed,
glowing, studying Unarmed Combat, very slow
A: horns 2, retaliatory headbutt, frail 1, low mp 1, inability to read while
threatened
}: 3/15 runes: decaying, silver, gossamer
a: Renounce Religion, Divine Shield, Cleansing Flame, Summon Divine Warrior,
Brand Weapon With Holy Wrath


You were on level 3 of the Tomb of the Ancients.
You worshipped the Shining One.
The Shining One was exalted by your worship.
You visited 12 branches of the dungeon, and saw 48 of its levels.
You visited the Abyss 1 time.
You also visited: Ossuary, Gauntlet and Ice Cave.

You collected 7762 gold pieces.
You spent 1606 gold pieces at shops.

Inventory:

Hand Weapons
 a - a +9 vorpal eveningstar (weapon)
 b - the +4 whip of the Spinneret {freeze, rElec Str+5}
   (You found it on level 3 of the Elven Halls)

   It freezes those it strikes, dealing additional cold damage.
   It can also slow down cold-blooded creatures.
   Str:       It affects your strength (+5).
   rElec:     It insulates you from electricity.
Missiles
 j - 6 throwing nets (quivered)
Armour
 l - the +5 kite shield of Gozag's Delight (worn) {*Corrode rElec Dex+9 SInv}
   (You acquired it on level 4 of the Vaults)

   Dex:       It affects your dexterity (+9).
   rElec:     It insulates you from electricity.
   SInv:      It lets you see invisible.
   *Corrode:  It may corrode you when you take damage.
 r - the +3 hat of Polish (worn) {Dex+2}
   (You found it in a Gauntlet)

   Dex:       It affects your dexterity (+2).
 t - the +9 scales of the Dragon King (worn) {rPois rF+ rC+ Will+}
   (You found it on level 3 of the Elven Halls)

   rF:        It protects you from fire.
   rC:        It protects you from cold.
   rPois:     It protects you from poison.
   Will:      It increases your willpower.
 v - the +1 pair of boots of the Other Side (worn) {Int+4}
   (You found it on level 6 of the Lair of Beasts)

   Int:       It affects your intelligence (+4).
 B - a +2 kite shield of cold resistance
 L - the +6 buckler "Etwihot" {Dex+3}
   (You found it on level 6 of the Dungeon)

   Dex:       It affects your dexterity (+3).
 P - a scarf of resistance (worn)
 R - the +1 pair of gloves of Inabb (worn) {rElec Str+3}
   (You found it on level 3 of the Crypt)

   Str:       It affects your strength (+3).
   rElec:     It insulates you from electricity.
Jewellery
 o - a ring of flight
 p - an amulet of reflection
 x - the ring "Qidat" {rPois rC+ rCorr Int+3}
   (You took it off a deep elf demonologist on level 3 of the Elven Halls)

   [ring of poison resistance]

   Int:       It affects your intelligence (+3).
   rC:        It protects you from cold.
   rPois:     It protects you from poison.
   rCorr:     It protects you from acid and corrosion.
 J - the ring of Nemut (right hand) {rPois rF+ rCorr Str-5 Slay+4}
   (You found it on level 13 of the Dungeon)

   [ring of slaying]

   Str:       It affects your strength (-5).
   Slay:      It affects your accuracy & damage with ranged weapons and melee
   (+4).
   rF:        It protects you from fire.
   rPois:     It protects you from poison.
   rCorr:     It protects you from acid and corrosion.
 K - a ring of protection from fire
 S - the ring "Razyubia" (left hand) {MP+9 Str+3 Slay+2}
   (You found it on level 3 of the Crypt)

   [ring of magical power]

   Str:       It affects your strength (+3).
   Slay:      It affects your accuracy & damage with ranged weapons and melee
   (+2).
   MP:        It affects your magic capacity (+9).
 V - an amulet of the acrobat
 Y - an amulet of regeneration (around neck)
Wands
 n - a wand of charming (55)
 q - a wand of flame (129)
 A - a wand of iceblast (38)
 F - a wand of mindburst (29)
 H - a wand of acid (59)
 N - a wand of digging (4)
 T - a wand of paralysis (20)
Scrolls
 i - 24 scrolls of teleportation
 m - 37 scrolls of identify
 u - 10 scrolls of blinking
 z - 4 scrolls of enchant weapon
 D - 5 scrolls of silence
 E - 2 scrolls of holy word
 M - 10 scrolls of magic mapping
 O - 5 scrolls of fog
 Q - 8 scrolls of fear
 U - a scroll of brand weapon
 Z - 7 scrolls of enchant armour
Potions
 c - 13 potions of flight
 d - 8 potions of might
 e - 9 potions of heal wounds
 f - 4 potions of berserk rage
 g - 5 potions of ambrosia
 h - 6 potions of resistance
 s - 10 potions of brilliance
 w - 7 potions of magic
 G - 24 potions of curing
 W - 2 potions of cancellation
 X - 6 potions of haste
Miscellaneous
 k - a phantom mirror
 y - a lightning rod (4/4)
 C - a piece from Xom's chessboard (15/15)
 I - a phantom mirror


   Skills:
 + Level 23.8 Fighting
 + Level 22.4 Maces & Flails
 + Level 23.0 Armour
 - Level 22.0 Dodging
 - Level 15.0 Shields
 + Level 19.2 Invocations
 - Level 11.0 Evocations


You had 25 spell levels left.
You didn't know any spells.
Your spell library contained the following spells:

 Spells                   Type           Power      Damage    Failure   Level
 Beastly Appendage        Tmut           0%         N/A       99%         1
 Foxfire                  Conj/Fire      0%         2x1d4     99%         1
 Freeze                   Ice            0%         1d3       99%         1
 Magic Dart               Conj           0%         1d3       99%         1
 Sandblast                Erth           0%         2d4       99%         1
 Shock                    Conj/Air       0%         1d3       99%         1
 Sting                    Tmut/Pois      0%         1d3       99%         1
 Summon Small Mammal      Summ           0%         N/A       99%         1
 Corpse Rot               Necr/Air       N/A        N/A       100%        2
 Passwall                 Tmut/Erth      0%         N/A       100%        2
 Poisonous Vapours        Pois/Air       0%         N/A       100%        2
 Searing Ray              Conj           0%         3d3       100%        2
 Slow                     Hex            0%         N/A       100%        2
 Wereblood                Tmut           0%         N/A       100%        2
 Confusing Touch          Hex            0%         N/A       100%        3
 Conjure Flame            Conj/Fire      0%         6-21      100%        3
 Frozen Ramparts          Ice            0%         1d2       100%        3
 Inner Flame              Hex/Fire       0%         N/A       100%        3
 Ozocubu's Armour         Ice            0%         N/A       100%        3
 Portal Projectile        Hex/Tloc       0%         N/A       100%        3
 Spider Form              Tmut/Pois      0%         N/A       100%        3
 Vampiric Draining        Necr           0%         2d6       100%        3
 Animate Armour           Summ/Erth      0%         N/A       100%        4
 Cause Fear               Hex            0%         N/A       100%        4
 Fulminant Prism          Conj/Hex       0%         3d6       100%        4
 Hailstorm                Conj/Ice       0%         3d3       100%        4
 Iskenderun's Mystic Bla  Conj/Tloc      0%         2d3       100%        4
 Olgreb's Toxic Radiance  Pois           0%         N/A       100%        4
 Petrify                  Tmut/Erth      0%         N/A       100%        4
 Summon Lightning Spire   Summ/Air       0%         N/A       100%        4
 Blade Hands              Tmut           0%         N/A       100%        5
 Excruciating Wounds      Necr           0%         N/A       100%        5
 Freezing Cloud           Conj/Ice/Air   0%         6-21      100%        5
 Lee's Rapid Deconstruct  Erth           0%         3d5*      100%        5
 Metabolic Englaciation   Hex/Ice        0%         N/A       100%        5
 Summon Forest            Summ/Tloc      0%         N/A       100%        5
 Summon Mana Viper        Hex/Summ       0%         N/A       100%        5
 Yara's Violent Unravell  Hex/Tmut       0%         3d3       100%        5
 Iron Shot                Conj/Erth      0%         9d1       100%        6
 Shadow Creatures         Summ           N/A        N/A       100%        6
 Simulacrum               Ice/Necr       0%         N/A       100%        6
 Statue Form              Tmut/Erth      0%         N/A       100%        6
 Dragon Form              Tmut           0%         N/A       100%        7
 Monstrous Menagerie      Summ           0%         N/A       100%        7
 Storm Form               Tmut/Air       0%         N/A       100%        7
 Maxwell's Capacitive Co  Air            0%         ∞         100%        8
 Chain Lightning          Conj/Air       0%         N/A       100%        9
 Dragon's Call            Summ           0%         N/A       100%        9
 Fire Storm               Conj/Fire      0%         5d1       100%        9
 Shatter                  Erth           0%         3d5*      100%        9


Dungeon Overview and Level Annotations

Branches:
Dungeon (15/15)            Temple (1/1) D:7            Lair (6/6) D:9
  Swamp (4/4) Lair:2       Spider (4/4) Lair:3        Slime (1/5) Lair:5
    Orc (2/2) D:12            Elf (3/3) Orc:2        Vaults (5/5) D:14
  Crypt (3/3) Vaults:2       Tomb (3/3) Crypt:3      Depths (1/5) D:15
Ossuary (visited)           IceCv (visited)         Gauntlet (visited)

Altars:
Ashenzari
Cheibriados
Dithmenos
Elyvilon
Fedhas
Gozag
Hepliaklqana
Kikubaaqudgha
Makhleb
Nemelex Xobeh
Okawaru
Qazlal
Ru
Sif Muna
Trog
Uskayaw
Vehumet
Wu Jian
Xom
Yredelemnul
Zin
The Shining One
Beogh
Lugonu

Shops:
D:5 [   D:13 *   Orc:2 [:(*!   Elf:3 [

Portals:
Hell: Lair:6 Depths:1
Trove: D:15 (give 10 potions of heal wounds)

Annotations:
D:10 2 runed translucent doors, carontestyx's ghost, novice TrMo
Lair:1 exclusion: oklob plant


Innate Abilities, Weirdness & Mutations

You have a pair of horns on your head.
You reflexively headbutt those who attack you in melee.
You are frail. (-10% HP)
Your magical capacity is low. (-10% MP)
You sometimes lose the ability to read scrolls when taking damage.


Message History

The ushabti completely resists.
The pyre of ghostly fire engulfs the freezing wraith.
The freezing wraith completely resists.
The pyre of ghostly fire engulfs you but does no damage.
You resist.
The pyre of ghostly fire engulfs the bennu.
The bennu completely resists.
The pyre of ghostly fire engulfs the ushabti.
The ushabti completely resists.
The pyre of ghostly fire engulfs the ushabti.
The ushabti completely resists.
The pyre of ghostly fire engulfs the royal mummy.
The royal mummy completely resists.
You feel extremely nervous for a moment...
Your body is wracked with pain!
* * * LOW HITPOINT WARNING * * *
You are engulfed in dark miasma.
* * * LOW HITPOINT WARNING * * *
You feel sick.
The ancient champion casts a spell at your daeva.
Your daeva blocks the iron shot.
The royal mummy calls on the powers of darkness!
The bennu convulses! x2
Your daeva convulses!
Your body is wracked with pain!
* * * LOW HITPOINT WARNING * * *
The ushabti hits your daeva.
The mummy priest mumbles some strange prayers to its god against you.
Something smites you!
* * * LOW HITPOINT WARNING * * *
The royal mummy points at you and mumbles some strange words.
Something smites you!
* * * LOW HITPOINT WARNING * * *
You block the bennu's attack. The bennu misses you.
You block the bennu's attack.
Your daeva calls down the wrath of the Shining One upon the ancient champion.
The ancient champion is smitten.
The mummy priest invokes the aid of its god against you.
Something smites you!
You die...

******* ######## *####* *,,,^,**
#......# *#$$}$**
,,,,,,,**#....^.#*#.?$$$,**
,,,,,,,,*#^.....#*..$$$$,,**
,,,,,,,,*#......##...$$:,,,**
,,,,,,,,,#.....8#.^..$$$,,,,**
,,,,,,,,,#^...8§#.....$$,,,,,**
,,,,,,,,,+...8°A@.....$$,,,,,,**
,,,,,,,,,#..8zzb#○○....$,,,,,,,*
,,^,,,,,^#^..MzM#.^○☼...,,,,,,,*
,,,,,,,,*#.8WMzW##...○..^,,,,,,*
,,,,,,,,*#.○88MM#*......,,,,,,,*
,,,,,,,*#MMZM.Mz.*#.^...,,,,,,,*
,,,,,<*#..b....WW8*#<...,,,,,,**
,,,,,**........ZM..*#...,,,,,,*
,,,,**,z..........M,**,,^,,,,**


You could see 3 royal mummies, 2 bennus, 3 ancient champions, 2 mummy priests, 2
skeletal warriors, 2 shadow wraiths, 4 guardian mummies, 7 ushabtiu, a freezing
wraith (summoned), a fire giant zombie (summoned), a frost giant zombie and a
friendly daeva (summoned).

Vanquished Creatures
  A dread lich (Vaults:5)
  An ancient lich (Vaults:5)
  5 royal mummies (Tomb:1)
  the Lernaean hydra (Swamp:4)
  A golden dragon (Vaults:5)
  Jory (Crypt:3)
  Nikola (Vaults:2)
  5 liches
  Rupert (Lair:4)
  3 titans
  2 deep elf blademasters (Elf:3)
  2 tentacled monstrosities (Vaults:5)
  2 deep elf master archers (Elf:3)
  2 shadow dragons (Vaults:5)
  Frances (D:14)
  3 storm dragons (Vaults:5)
  5 tengu reavers
  Gastronok (Lair:2)
  8 sphinxes
  Agnes (Elf:2)
  Donald (Vaults:2)
  2 revenants
  4 fire giants
  7 frost giants
  3 orc warlords
  4 ghost moths
  6 deep elf sorcerers
  Aizul (Vaults:1)
  An iron dragon (Vaults:5)
  Louise (Swamp:1)
  18 vault wardens
  20 ghouls
  4 deep elf elementalists (Elf:3)
  8 emperor scorpions
  A quicksilver ooze (shapeshifter) (Elf:1)
  A curse skull (Vaults:2)
  19 ironbound preservers
  3 war gargoyles
  9 stone giants
  6 bennus
  32 very ugly things
  12 vampire knights
  3 reapers
  6 entropy weavers
  A minotaur (Gauntlet)
  7 deep elf demonologists
  2 dire elephants
  Azrael (Spider:1)
  5 eidola
  5 eleionomae
  4 bunyips
  2 spark wasps
  8 deep elf annihilators
  18 jiangshi
  7 deep elf death magi
  8 ettins
  Snorg (D:10)
  5 deep elf high priests
  2 great orbs of eyes
  A quicksilver dragon zombie (Crypt:3)
  2 mummy priests
  A shambling mangrove (Swamp:4)
  The ghost of PeterMcNeter the Gouger, a journeyman FeTm of Hepliaklqana (D:14)
  5 fire dragons
  8 yaktaur captains
  2 rakshasas
  6 ironbound thunderhulks
  3 ice dragons (Depths:1)
  A hell beast (Depths:1)
  34 vault guards
  4 ironbound frosthearts
  A peacekeeper (Vaults:1)
  25 hydras
  3 ogre magi
  4 ghost crabs
  2 spriggan air magi (Swamp:4)
  3 boulder beetles
  3 catoblepae
  14 centaur warriors
  7 two-headed ogres
  28 dancing weapons
  34 death scarabs
  16 alligators
  3 deep troll earth magi
  12 vampire magi
  3 tengu warriors
  4 death knights
  13 death yaks (Lair:6)
  2 thrashing horrors (D:13)
  3 spriggan berserkers (Swamp:4)
  3 orc high priests
  13 deep elf knights
  Urug (Lair:6)
  5 ironbound beastmasters
  Nergalle (Lair:4)
  A storm dragon zombie (Crypt:3)
  3 soul eaters
  A fire crab (shapeshifter) (Vaults:5)
  8 spriggans
  5 iron trolls (Depths:1)
  2 spectral emperor scorpions (Spider:4)
  25 skeletal warriors
  2 goliath frogs
  A sixfirhy (Lair:6)
  A quicksilver dragon simulacrum (Depths:1)
  A shadow wraith (Crypt:3)
  3 flayed ghosts
  50 deep trolls
  An obsidian statue (Elf:1)
  10 swamp dragons
  12 bog bodies
  4 spriggan druids
  20 ironbound convokers
  5 harpies (Vaults:2)
  7 lindwurms
  12 wizards
  24 orc knights
  An orange crystal statue (Elf:1)
  Pikel (D:6)
  10 deep elf archers
  6 necromancers
  5 wolf spider zombies
  22 phantasmal warriors
  2 spectral wolf spiders (Spider:4)
  An iron giant skeleton (Crypt:3)
  30 deep elf pyromancers
  A harpy (shapeshifter) (D:15)
  18 deep elf zephyrmancers
  11 orb spiders
  57 ugly things
  17 wolf spiders
  A fire giant zombie (Crypt:3)
  A shadow dragon skeleton (Crypt:1)
  An iron dragon zombie (Crypt:3)
  6 orc sorcerers
  A tengu skeleton (Vaults:2)
  A salamander (shapeshifter) (Vaults:5)
  2 moths of wrath (Spider:4)
  2 stone giant zombies
  2 iron dragon skeletons
  A frost giant zombie (Crypt:3)
  Maurice (Orc:1)
  6 manticores
  6 will-o-the-wisps
  4 cyclopes
  A black mamba (shapeshifter) (Vaults:5)
  A dire elephant zombie (Crypt:2)
  10 elephants
  6 black mambas
  2 stone giant skeletons
  A torpor snail (Spider:1)
  15 vault sentinels
  2 gargoyles
  A fire giant skeleton (Vaults:2)
  2 orange demons (Lair:6)
  An ice statue (IceCv)
  A water nymph (shapeshifter) (Vaults:3)
  Joseph (D:7)
  20 cane toads
  5 rime drakes
  6 freezing wraiths
  10 komodo dragons
  Psyche (D:9)
  2 anaconda simulacra
  2 spectral redbacks (Spider:4)
  28 yaktaurs
  2 minotaur zombies (Gauntlet)
  An unseen horror (D:12)
  An emperor scorpion zombie (Crypt:3)
  A sea snake zombie (Crypt:1)
  A catoblepas skeleton (Crypt:1)
  An entropy weaver simulacrum (IceCv)
  13 demonic crawlers
  A purple draconian skeleton (Crypt:2)
  A yaktaur skeleton (Vaults:1)
  2 kobold demonologists
  4 ice devils
  A hellwing (Lair:6)
  18 guardian mummies
  3 redback zombies (Spider:4)
  3 human skeletons (Vaults:1)
  2 polar bears
  2 tengu conjurers
  A bloated husk (Swamp:3)
  A wolf spider simulacrum (D:14)
  A meliai (D:14)
  Prince Ribbit (Lair:3)
  4 trolls
  2 red devils (Lair:6)
  30 jumping spiders
  An iron troll skeleton (Crypt:2)
  8 tyrant leeches
  4 spectral jumping spiders (Spider:4)
  27 blink frogs
  6 spectral tarantellas (Spider:4)
  14 hornets
  A tarantella zombie (Spider:4)
  A tengu simulacrum (Vaults:2)
  31 slime creatures
  2 harpy skeletons
  A jumping spider zombie (Spider:4)
  An ice dragon zombie (Crypt:1)
  2 fire dragon zombies
  5 raiju
  A guardian serpent skeleton (Crypt:2)
  3 shadows
  Sigmund (D:4)
  72 redbacks
  5 wyverns
  12 flying skulls
  5 water elementals
  A dire elephant simulacrum (IceCv)
  2 ushabtiu
  A fire dragon skeleton (Tomb:1)
  An air elemental (Elf:3)
  A ynoxinul (Gauntlet)
  An ettin skeleton (Vaults:2)
  49 yaks
  34 tarantellas
  5 fire elementals
  14 wraiths
  2 tyrant leech zombies
  4 large abominations
  2 steam dragons
  A chaos spawn (Abyss:2)
  A wind drake skeleton (Crypt:3)
  7 basilisks
  17 wargs
  2 elf skeletons
  9 vampire mosquitoes
  4 harpy simulacra
  15 swamp worms
  2 death yak simulacra (IceCv)
  A water moccasin (shapeshifter) (D:13)
  4 acid dragons
  Duvessa (D:4)
  10 water moccasins
  4 small abominations (Gauntlet)
  A deep troll skeleton (Crypt:2)
  7 hell hounds
  A spectral hornet (Spider:4)
  An ice beast (D:7)
  25 orc warriors
  A lindwurm zombie (Crypt:1)
  4 swamp drakes (Swamp:4)
  2 hornet zombies
  A manticore zombie (Crypt:3)
  4 sky beasts
  A cane toad skeleton (Crypt:1)
  An elephant zombie (Crypt:1)
  A swamp dragon zombie (Crypt:3)
  A black bear (D:5)
  5 necrophages
  7 wolves (Lair:6)
  An ogre (shapeshifter) (Vaults:5)
  11 ogres
  A boggart (Vaults:2)
  A torpor snail zombie (Crypt:2)
  12 centaurs
  9 kobold brigands
  Blork the orc (D:4)
  8 bullfrogs
  A wyvern zombie (D:7)
  3 earth elementals
  Dowan (D:4)
  8 two-headed ogre simulacra (IceCv)
  2 scorpions
  A water moccasin zombie (D:6)
  A wyvern skeleton (Crypt:3)
  7 killer bees (D:10)
  A manticore simulacrum (Crypt:1)
  3 elephant simulacra (IceCv)
  A troll skeleton (Crypt:3)
  11 wights
  3 electric eels
  2 howler monkeys
  3 centaur zombies
  3 hounds
  Crazy Yiuf (D:3)
  4 jellies
  18 orc priests
  2 iron imps (Gauntlet)
  Jessica (D:3)
  2 iguanas
  17 orc wizards
  Ijyb (D:3)
  Natasha (twice) (D:2)
  A demonspawn skeleton (Crypt:3)
  3 hell rats (Lair:2)
  3 troll simulacra (IceCv)
  Terence (D:3)
  2 spriggan simulacra (IceCv)
  A wolf simulacrum (IceCv)
  A killer bee zombie (D:4)
  2 ogre zombies
  A dwarf skeleton (Crypt:1)
  A naga skeleton (Crypt:3)
  14 mummies
  Robin (D:3)
  8 adders
  A gnoll (D:6)
  7 naga simulacra (IceCv)
  6 river rats (Lair:2)
  A shadow imp (D:6)
  4 white imps
  11 ufetubi
  A worm zombie (Crypt:1)
  4 worms
  A barachi skeleton (Crypt:1)
  2 dart slugs
  37 orcs
  6 ball pythons
  7 endoplasms
  6 giant cockroaches
  17 goblins
  14 hobgoblins
  15 jackals
  33 kobolds
  5 quokkas
  5 bats
  2 frilled lizards
  A goblin skeleton (Crypt:2)
  2 goblin zombies (Ossuary)
  7 hobgoblin zombies (Ossuary)
  A kobold zombie (Ossuary)
  16 rats
2051 creatures vanquished.

Vanquished Creatures (collateral kills)
  A royal mummy (Tomb:1)
  Boris (Vaults:2)
  A sphinx (Vaults:5)
  A revenant (Tomb:2)
  2 vault wardens (Vaults:5)
  A frost giant (Vaults:5)
  A deep elf sorcerer (Elf:3)
  An ironbound preserver (Vaults:5)
  A stone giant (Vaults:5)
  2 very ugly things (Vaults:2)
  3 bennus
  A deep elf demonologist (Elf:3)
  An eidolon (Vaults:2)
  An ettin (Vaults:5)
  A deep elf death mage (Elf:3)
  2 mummy priests (Tomb:2)
  A deep elf high priest (Elf:3)
  2 yaktaur captains
  3 vault guards (Vaults:5)
  2 death scarabs (Tomb:1)
  An orc high priest (Vaults:4)
  A skeletal warrior (Tomb:2)
  3 deep trolls (Vaults:5)
  2 phantasmal warriors (Vaults:5)
  A wizard (Vaults:4)
  2 orc knights
  A lindwurm (Vaults:4)
  A deep elf zephyrmancer (Elf:3)
  An ugly thing (Vaults:2)
  A stone giant zombie (Tomb:2)
  A guardian serpent (shapeshifter) (Vaults:5)
  4 vault sentinels
  5 yaktaurs
  4 guardian mummies (Tomb:2)
  2 redbacks (Vaults:5)
  An ushabti (Tomb:1)
  An orc warrior (Vaults:4)
  2 boggarts (Vaults:2)
  An orc priest (Vaults:4)
  4 mummies
  An orc (Vaults:5)
69 creatures vanquished.

Vanquished Creatures (others)
  2 deep elf zephyrmancers
  A vault sentinel (Vaults:5)
  A kobold demonologist (D:11)
  A bloated husk (Swamp:4)
  A jumping spider (Spider:3)
  A spriggan (Swamp:4)
  A water elemental (Elf:2)
  An ushabti (Tomb:3)
  An orc warrior (Vaults:5)
  An orc priest (Vaults:4)
  An ufetubus (IceCv)
  26 foxfires
  43 fungi
  53 plants
134 creatures vanquished.

Grand Total: 2254 creatures vanquished

Notes
Turn   | Place    | Note
-------+----------+-------------------------------------------
     0 | D:1      | Krapule the Minotaur Fighter began the quest for the Orb.
     0 | D:1      | Reached XP level 1. HP: 19/19 MP: 0/0
   216 | D:1      | Reached XP level 2. HP: 27/27 MP: 1/1
   444 | D:1      | Reached skill level 1 in Dodging
   683 | D:1      | Reached XP level 3. HP: 29/33 MP: 2/2
  1592 | D:2      | Reached XP level 4. HP: 31/40 MP: 3/3
  1681 | D:2      | Noticed Natasha
  1689 | D:2      | Killed Natasha
  1830 | D:2      | Noticed Natasha
  1837 | D:2      | Killed Natasha
  2173 | D:3      | Noticed Jessica
  2179 | D:3      | Killed Jessica
  2180 | D:3      | Reached XP level 5. HP: 47/47 MP: 4/4
  2288 | D:3      | Noticed Ijyb
  2303 | D:3      | Killed Ijyb
  2580 | D:3      | Found a faded altar of an unknown god.
  2658 | D:3      | Noticed Terence
  2667 | D:3      | Killed Terence
  2668 | D:3      | Reached XP level 6. HP: 55/55 MP: 5/5
  2716 | D:3      | Noticed Robin
  2724 | D:3      | Killed Robin
  2725 | D:3      | Reached skill level 5 in Fighting
  2842 | D:3      | Found a runed translucent door.
  2843 | D:3      | Noticed Crazy Yiuf
  2852 | D:3      | Killed Crazy Yiuf
  2853 | D:3      | Reached skill level 5 in Armour
  2853 | D:3      | Reached skill level 5 in Shields
  3020 | D:4      | Noticed Dowan
  3021 | D:4      | Noticed Duvessa
  3355 | D:4      | Noticed Sigmund
  3361 | D:4      | Killed Sigmund
  3362 | D:4      | Reached XP level 7. HP: 59/61 MP: 6/6
  3581 | D:4      | Noticed Blork the orc
  3587 | D:4      | Killed Blork the orc
  3633 | D:4      | Killed Duvessa
  3643 | D:4      | Killed Dowan
  3644 | D:4      | Reached skill level 5 in Maces & Flails
  4140 | D:5      | Entered Level 5 of the Dungeon
  4327 | D:5      | Found Weidypla's Armour Shop.
  4413 | D:5      | Reached XP level 8. HP: 67/70 MP: 7/7
  5295 | D:5      | Bought a +0 pair of gloves for 58 gold pieces
  5373 | D:6      | Reached skill level 5 in Dodging
  5532 | D:6      | Noticed Pikel
  5555 | D:6      | Killed Pikel
  5556 | D:6      | Reached XP level 9. HP: 30/79 MP: 8/8
  5980 | D:6      | Identified the +6 buckler "Etwihot" {Dex+3}
  6058 | D:6      | Noticed a two-headed ogre
  6064 | D:6      | Killed a two-headed ogre
  6476 | D:7      | Noticed Joseph
  6499 | D:7      | Killed Joseph
  6829 | D:7      | Identified the +3 buckler of Undesirable Species {rElec rF-
                  | rCorr Dex+3}
  6855 | D:7      | Found a glowing silver altar of Zin.
  7086 | D:7      | Reached XP level 10. HP: 90/90 MP: 9/9
  7154 | D:7      | Found a sand-covered staircase.
  7159 | Ossuary  | Entered an ossuary
  7553 | D:7      | Found a staircase to the Ecumenical Temple.
  7822 | Temple   | Entered the Ecumenical Temple
  7887 | Temple   | Became a worshipper of the Shining One
  8743 | D:8      | Reached skill level 1 in Invocations
  8895 | D:8      | Reached skill level 1 in Evocations
  9399 | D:9      | Noticed Psyche
  9423 | D:9      | Killed Psyche
  9722 | D:9      | Found a staircase to the Lair.
  9826 | D:9      | Reached * piety under the Shining One
  9855 | Lair:1   | Entered Level 1 of the Lair of Beasts
  9878 | Lair:1   | Noticed an oklob plant
 10353 | Lair:1   | Noticed a cane toad
 10365 | Lair:1   | Killed a cane toad
 10374 | Lair:1   | Noticed a cane toad
 10388 | Lair:1   | Killed a cane toad
 10992 | Lair:2   | Reached XP level 11. HP: 91/97 MP: 12/12
 11062 | Lair:2   | Found a staircase to the Swamp.
 11062 | Lair:2   | Noticed a bog body
 11079 | Lair:2   | Killed a bog body
 11089 | Lair:2   | Noticed a bog body
 11106 | Lair:2   | Killed a bog body
 11156 | Swamp:1  | Entered Level 1 of the Swamp
 11156 | Swamp:1  | Noticed a spriggan druid
 11156 | Swamp:1  | Noticed an alligator
 11157 | Swamp:1  | Noticed an alligator
 11221 | Lair:2   | Reached ** piety under the Shining One
 11230 | Lair:2   | Reached skill level 10 in Armour
 11230 | Lair:2   | Reached skill level 10 in Shields
 11241 | Lair:2   | Reached skill level 10 in Fighting
 11675 | Lair:2   | Noticed Gastronok
 11687 | Lair:2   | Noticed a four-headed hydra
 11705 | Lair:2   | Killed a four-headed hydra
 11706 | Lair:2   | Reached skill level 10 in Maces & Flails
 11719 | Lair:2   | Killed Gastronok
 11720 | Lair:2   | Reached skill level 5 in Invocations
 12359 | Lair:3   | Reached XP level 12. HP: 81/108 MP: 15/15
 12548 | Lair:3   | You fall into a shaft and drop 1 floor!
 12630 | Lair:3   | Noticed Prince Ribbit
 12651 | Lair:3   | Killed Prince Ribbit
 13155 | Lair:3   | Found a hole to the Spider Nest.
 13992 | Lair:4   | Noticed a seven-headed hydra
 13998 | Lair:4   | Killed a seven-headed hydra
 14160 | Lair:4   | Noticed Nergalle
 14161 | Lair:4   | Identified the +1 scale mail of Xephidgho {rPois Will+ MP-9
                  | Str+4}
 14197 | Lair:4   | Killed Nergalle
 14397 | Lair:4   | Noticed Rupert
 14443 | Lair:4   | Killed Rupert
 14974 | Lair:5   | Noticed an eight-headed hydra
 14986 | Lair:5   | Killed an eight-headed hydra
 14987 | Lair:5   | Reached XP level 13. HP: 86/118 MP: 8/17
 15078 | Lair:5   | Found a staircase to the Slime Pits.
 15094 | Slime:1  | Entered Level 1 of the Pits of Slime
 15757 | Lair:5   | Reached *** piety under the Shining One
 16117 | Lair:6   | Entered Level 6 of the Lair of Beasts
 16239 | Lair:5   | Reached skill level 10 in Dodging
 16678 | Lair:6   | Identified the +1 pair of boots of the Other Side {Int+4}
 17595 | Lair:6   | Noticed Urug
 17631 | Lair:6   | Killed Urug
 18109 | Lair:6   | Reached **** piety under the Shining One
 18357 | Lair:6   | Reached skill level 5 in Evocations
 18357 | Lair:6   | Reached XP level 14. HP: 81/129 MP: 10/19
 19493 | Lair:6   | Found a burning altar of Makhleb.
 19658 | Lair:6   | Found a gateway to Hell.
 19791 | D:10     | Entered Level 10 of the Dungeon
 19880 | D:10     | You fall into a shaft and drop 2 floors!
 20026 | D:11     | Reached ***** piety under the Shining One
 20043 | D:11     | Found a frozen archway.
 20062 | IceCv    | Entered an ice cave
 20846 | IceCv    | Reached ****** piety under the Shining One
 21296 | IceCv    | Noticed a reaper
 21309 | IceCv    | Killed a reaper
 21310 | IceCv    | Reached skill level 10 in Invocations
 21440 | IceCv    | Got the Grimoire of the Glacier
 21572 | D:10     | Found a runed translucent door.
 21573 | D:10     | Noticed a stone giant
 21573 | D:10     | Noticed a lich
 21577 | D:10     | Noticed carontestyx's ghost (novice TrMo)
 21592 | D:10     | Found a runed translucent door.
 21674 | D:10     | Noticed Snorg
 21680 | D:10     | Killed Snorg
 21715 | D:10     | Found the +4 robe of Augmentation {Str+4 Int+4 Dex+4}
 22753 | D:12     | Found a staircase to the Orcish Mines.
 23045 | Orc:1    | Entered Level 1 of the Orcish Mines
 23050 | Orc:2    | Entered Level 2 of the Orcish Mines
 23056 | Orc:1    | Noticed Maurice
 23071 | Orc:1    | Killed Maurice
 23608 | Orc:1    | Reached XP level 15. HP: 129/139 MP: 12/21
 23810 | Orc:2    | Found Loocej's Self-Improvement Boutique.
 23824 | Orc:2    | Bought a manual of Dodging for 1040 gold pieces
 23935 | Orc:2    | Found a staircase to the Elven Halls.
 24138 | Orc:2    | Found Wealel's Distillery.
 24455 | Orc:2    | Found Liowehon's General Store.
 24469 | Orc:2    | Found Parry's Weapon Emporium.
 24471 | Orc:2    | Found Ewkagh's Armour Shop.
 24733 | D:13     | Found Massipol's Island Escapes.
 24815 | D:13     | Found a gate leading to a gauntlet.
 24830 | Gauntlet | Entered a Gauntlet
 24830 | Gauntlet | Found a transporter.
 24830 | Gauntlet | Found a transporter.
 24830 | Gauntlet | Found a transporter.
 24831 | Gauntlet | Found a transporter.
 24834 | Gauntlet | Found a transporter.
 24835 | Gauntlet | Found a transporter.
 24845 | Gauntlet | Found a transporter.
 24849 | Gauntlet | Found a transporter.
 24857 | Gauntlet | Found a transporter.
 24857 | Gauntlet | Found a transporter.
 24860 | Gauntlet | Found a transporter.
 24863 | Gauntlet | Found a transporter.
 25141 | Gauntlet | Identified the +3 hat of Polish {Dex+2}
 25218 | Gauntlet | Reached skill level 15 in Fighting
 25218 | Gauntlet | Reached skill level 15 in Armour
 25526 | D:13     | Identified a scroll of acquirement
 25527 | D:13     | Acquired a manual of Fighting
 25595 | D:13     | Found a transporter.
 25600 | D:13     | Found a corrupted altar of Lugonu.
 25612 | D:13     | Found a transporter.
 25712 | D:13     | Identified the ring of Nemut {rPois rF+ rCorr Str-5 Slay+4}
 26049 | D:13     | Bought a scroll of blinking for 127 gold pieces
 26049 | D:13     | Bought a scroll of blinking for 127 gold pieces
 26049 | D:13     | Bought a scroll of blinking for 127 gold pieces
 26049 | D:13     | Bought a scroll of blinking for 127 gold pieces
 26105 | D:14     | Found a runed translucent door.
 26108 | D:14     | Noticed PeterMcNeter's ghost (journeyman FeTm)
 26183 | D:14     | Found a gate to the Vaults.
 26297 | D:14     | Reached XP level 16. HP: 152/152 MP: 14/23
 26380 | D:14     | Noticed Frances
 26393 | D:14     | Killed Frances
 26592 | D:14     | Reached skill level 15 in Shields
 27016 | D:14     | Killed PeterMcNeter's ghost
 27312 | Spider:1 | Entered Level 1 of the Spider Nest
 27752 | Spider:1 | Noticed Azrael
 27781 | Spider:1 | Killed Azrael
 28072 | Spider:2 | Reached skill level 15 in Dodging
 28819 | Spider:3 | Acquired an amulet of reflection
 28820 | Spider:3 | Acquired 852 gold pieces
 28822 | Spider:3 | Identified the +6 flail of Eternal Harmony {pain, Fly
                  | rElec}
 29444 | Spider:4 | Entered Level 4 of the Spider Nest
 29535 | Spider:4 | Reached XP level 17. HP: 162/170 MP: 15/24
 30421 | Spider:4 | Got a gossamer rune of Zot
 31008 | Swamp:1  | Noticed Louise
 31028 | Swamp:1  | Killed Louise
 31426 | Swamp:2  | Identified the +1 chain mail of Gozag's Reproof {rPois
                  | rCorr Int-5}
 31844 | Swamp:3  | Reached XP level 18. HP: 140/182 MP: 17/26
 32403 | Swamp:4  | Entered Level 4 of the Swamp
 33217 | Swamp:4  | Noticed the 27-headed Lernaean hydra
 33231 | Swamp:4  | Killed the 27-headed Lernaean hydra
 33437 | Swamp:4  | Got a decaying rune of Zot
 33709 | D:15     | Entered Level 15 of the Dungeon
 34054 | D:15     | Found a staircase to the Depths.
 34063 | Depths:1 | Entered Level 1 of the Depths
 34181 | D:15     | Found a portal to a secret trove of treasure.
 34643 | Depths:1 | Reached XP level 19. HP: 154/189 MP: 18/27
 34876 | Depths:1 | Reached skill level 15 in Maces & Flails
 35827 | Elf:1    | Entered Level 1 of the Elven Halls
 36239 | Elf:1    | Got the Compendium of Companions
 37129 | Elf:2    | Noticed Agnes
 37136 | Elf:2    | Killed Agnes
 37573 | Elf:2    | Reached XP level 20. HP: 185/198 MP: 19/28
 37589 | Elf:2    | Found a runed translucent gate.
 37590 | Elf:2    | Found a runed translucent gate.
 37590 | Elf:2    | Found a runed translucent gate.
 38112 | Elf:3    | Entered Level 3 of the Elven Halls
 38174 | Elf:3    | Cast into level 2 of the Abyss (a deep elf sorcerer)
 38174 | Abyss:2  | Found a corrupted altar of Lugonu.
 38174 | Abyss:2  | Found a corrupted altar of Lugonu.
 38258 | Elf:3    | Escaped the Abyss
 38391 | Elf:3    | Paralysed by an air elemental for 1 turns
 38420 | Elf:3    | Found a radiant altar of Vehumet.
 38752 | Elf:3    | Identified the +7 short sword of Virtue {protect, rPois
                  | Str+4 Int-5}
 38760 | Elf:3    | Identified the +1 steam dragon scales of the Butterfly
                  | {Will+ Str+3}
 38788 | Elf:3    | Identified the ring "Qidat" {rPois rC+ rCorr Int+3}
 38816 | Elf:3    | Identified the ring of Lerid {MP+9 Int+2}
 38969 | Elf:3    | Identified the +1 ring mail "Toirabla" {Dex+4}
 38970 | Elf:3    | Identified the +8 long sword "Noutec" {holy, Int+3 Dex+4}
 38993 | Elf:3    | Identified the +1 trident "Lyniy" {flame, *Corrode Str+2
                  | Dex+6}
 39171 | Elf:3    | Identified the +7 scimitar of Yla Siph {antimagic, Str+7}
 39317 | Elf:3    | Identified the +0 plate armour "Caamamu" {Harm +Blink Will+
                  | Dex+4}
 39354 | Elf:3    | Found the +9 scales of the Dragon King {rPois rF+ rC+
                  | Will+}
 39360 | Elf:3    | Identified the +11 halberd of Biqalymp {vorpal, rElec}
 39485 | Elf:3    | Identified the +1 scale mail of the Sea {Fly Dex+6 Stlth-}
 39537 | Elf:3    | Identified the +4 whip of the Spinneret {freeze, rElec
                  | Str+5}
 39580 | Elf:3    | Found Boocral's Antique Armour Shoppe.
 39901 | Vaults:1 | Entered Level 1 of the Vaults
 40245 | Vaults:1 | Reached XP level 21. HP: 109/204 MP: 30/30
 40650 | Vaults:1 | Noticed Aizul
 40664 | Vaults:1 | Killed Aizul
 41877 | Vaults:2 | Identified the +9 glaive of Sogun {antimagic, Drain rPois
                  | Will++ Int+2}
 41889 | Vaults:2 | Noticed Nikola
 41907 | Vaults:2 | Killed Nikola
 41968 | Vaults:2 | Noticed Donald
 41988 | Vaults:2 | Killed Donald
 42001 | Vaults:2 | Reached skill level 15 in Invocations
 42017 | Vaults:2 | Noticed Boris
 42037 | Vaults:2 | Killed Boris
 42166 | Vaults:2 | Found a staircase to the Crypt.
 43408 | Vaults:3 | Reached XP level 22. HP: 213/213 MP: 32/32
 45150 | Vaults:4 | Identified the +2 robe "Trusted Companion" {Rampage Will+}
 45566 | Vaults:4 | Acquired the +5 kite shield of Gozag's Delight {*Corrode
                  | rElec Dex+9 SInv}
 45962 | Vaults:5 | Entered Level 5 of the Vaults
 46155 | Vaults:5 | Noticed a dread lich
 46165 | Vaults:5 | Killed a dread lich
 46166 | Vaults:5 | Reached XP level 23. HP: 219/221 MP: 34/34
 46180 | Vaults:5 | Identified the +3 arbalest "Sodammiri" {freeze, rF+}
 46482 | Vaults:5 | Identified the -3 tower shield of Atuympiz {rCorr}
 46611 | Vaults:5 | Identified the +8 whip "Demonslayer" {drain, rElec Int+3}
 46810 | Vaults:5 | Got the Disquisition on the Quantum Rocks
 47100 | Vaults:5 | Got a silver rune of Zot
 47370 | Vaults:5 | Noticed an ancient lich
 47393 | Vaults:5 | Killed an ancient lich
 47530 | Vaults:5 | Got Citti's Tome of Damaging Transmutation
 47870 | Crypt:1  | Entered Level 1 of the Crypt
 48346 | Crypt:1  | Reached XP level 24. HP: 233/233 MP: 34/34
 49026 | Crypt:2  | Reached skill level 10 in Evocations
 49842 | Crypt:3  | Entered Level 3 of the Crypt
 50030 | Crypt:3  | Identified the +2 ring mail of the Hidden Vale {Will+ Int+3
                  | Dex+3}
 50251 | Crypt:3  | Found a staircase to the Tomb.
 50443 | Crypt:3  | Found an ancient bone altar of Kikubaaqudgha.
 50509 | Crypt:3  | Reached XP level 25. HP: 243/243 MP: 35/35
 50540 | Crypt:3  | Noticed Jory
 50562 | Crypt:3  | Killed Jory
 50575 | Crypt:3  | Identified the ring "Razyubia" {MP+9 Str+3 Slay+2}
 50587 | Crypt:3  | Identified the +1 pair of gloves of Inabb {rElec Str+3}
 51182 | Tomb:1   | Entered Level 1 of the Tomb of the Ancients
 51396 | Tomb:1   | Noticed a royal mummy
 51407 | Tomb:1   | Noticed a royal mummy
 51412 | Tomb:1   | Killed a royal mummy
 51412 | Tomb:1   | Noticed a royal mummy
 51418 | Tomb:1   | Reached XP level 26. HP: 85/251 MP: 35/35
 51510 | Tomb:1   | Killed a royal mummy
 51552 | Tomb:1   | Killed a royal mummy
 52217 | Tomb:1   | Noticed a royal mummy
 52217 | Tomb:1   | Noticed a royal mummy
 52217 | Tomb:1   | Noticed a royal mummy
 52222 | Tomb:1   | Killed a royal mummy
 52229 | Tomb:1   | Killed a royal mummy
 52256 | Tomb:1   | Killed a royal mummy
 52483 | Tomb:2   | Noticed a royal mummy
 52483 | Tomb:2   | Noticed a royal mummy
 52483 | Tomb:2   | Noticed a royal mummy
 52483 | Tomb:2   | Noticed a royal mummy
 52650 | Tomb:2   | Gained mutation: Your magical capacity is low. (-10% MP)
                  | [mutagenic glow]
 52670 | Tomb:2   | Gained mutation: You are frail. (-10% HP) [mutagenic glow]
 52686 | Tomb:2   | Paralysed by a Zot trap for 5 turns
 52687 | Tomb:2   | Gained mutation: You sometimes lose the ability to read
                  | scrolls when taking damage. [mutagenic glow]
 52875 | Tomb:3   | Entered Level 3 of the Tomb of the Ancients
 52890 | Tomb:3   | Noticed a royal mummy
 52890 | Tomb:3   | Noticed a royal mummy
 52898 | Tomb:3   | Noticed a royal mummy
 52899 | Tomb:3   | HP: 8/228 [royal mummy/divine providence (12)]
 52899 | Tomb:3   | Killed from afar by a mummy priest

Illustrated notes

Levels and vault maps discovered:
D:1:      sevenhm_arrival_forest_fort_large_2, layout_loops_ring
D:2:      layout_basic, minmay_goblin_outpost, uniq_natasha
D:3:      layout_loops_cross, ebering_ecumenical_altar_sacrificial,
          nrook_mini_vaults, minmay_quantized, uniq_ijyb,
          uniq_crazy_yiuf_cottage, uniq_terence, uniq_jessica, uniq_robin
D:4:      layout_basic, glass_columns_b, uniq_duvessa, uniq_blork_the_orc,
          uniq_sigmund
D:5:      minmay_spotlight, layout_basic, nicolae_take_the_stairs
D:6:      minmay_chambers_of_sixes, layout_basic,
          chequers_serial_rivers_small_b, uniq_pikel
D:7:      layout_loops_cross, zin_statuary, minmay_temple_entry_antechambers,
          lightli_ossuary_entry_decrepit_ruins, kennysheep_generic_room_8,
          uniq_joseph
D:8:      layout_basic, chequers_serial_rivers_large_a,
          chequers_serial_rivers_micro_b
D:9:      layout_rooms, lair_entry_dummy, uniq_psyche
D:10:     layout_long_grid, muffindrake_ghost_dual_entry,
          kennysheep_generic_room_16, uniq_snorg
D:11:     layout_rooms, portal_ice_cave_demonic_guard
D:12:     layout_rooms, minmay_orc_entry_guard_dogs
D:13:     gammafunk_corrupted_shrine, layout_loops_ring, gauntlet_entry_generic,
          nicolae_island_escapes
D:14:     layout_loops_ring, lightli_vaults_fourway_checkpoint,
          ebering_ghost_inner_flame, uniq_frances
D:15:     grunt_enter_depths_snipers, layout_loops_cross, minmay_door_square,
          nicolae_trove_entry_isolated
Temple:   kilobyte_greek_temple
Lair:1:   layout_gridlike, minmay_lair_oklob_chamber
Lair:2:   layout_cave_pods, skrybe_swamp_entry_bodies,
          kennysheep_abandoned_house, uniq_gastronok
Lair:3:   layout_regular_city, spider_nest_entry_funnel_web,
          grunt_forest_small_clearing_treed, uniq_prince_ribbit2
Lair:4:   layout_regular_city, uniq_nergalle, uniq_rupert
Lair:5:   layout_small_grid, minmay_slime_entry_pillars,
          chequers_serial_rivers_micro_e, minivault_26, lemuel_fruit_tree
Lair:6:   evil_forest, layout_cave_pods, uniq_urug
Swamp:1:  layout_basic_swamp, nicolae_swamp_decorative_isthmus, swamp_pool2,
          uniq_louise
Swamp:2:  layout_basic_swamp, hangedman_swamp_cone, swamp_pool2
Swamp:3:  layout_basic_swamp, evilmike_swamp_ruin_house_4
Swamp:4:  swamp_basic_johnstein, layout_basic_swamp
Spider:1: layout_spider_delve, uniq_azrael
Spider:2: layout_spider_delve, hangedman_spider_tarantella_strand
Spider:3: layout_spider_delve
Spider:4: floodkiller_spider_rune_tomb
Slime:1:  layout_caves
Orc:1:    cheibrodos_orc_guarddog, layout_caves, basic_altar,
          nicolae_orc_stony_grotto, uniq_maurice
Orc:2:    st_orc_elflike, layout_diamond_mine, nicolae_shop_self_help
Elf:1:    layout_loops_cross, minmay_elf_demonology, grunt_ministairs_5,
          david_greed
Elf:2:    nicolae_elf_blades_crystal_corner, layout_gridlike,
          small_chamber_with_monster, drop_trap, uniq_agnes
Elf:3:    grunt_elf_hall_diamonds, layout_geoelf_diagonals, serial_shops,
          nicolae_shop_overgrown_old_shop, basic_altar
Vaults:1: ontoclasm_vaults_bender, ontoclasm_vaults_misaligned,
          hangedman_vaults_river_flow, hangedman_vaults_stretched_pinwheel,
          nicolae_vaults_branching_niches, nicolae_vaults_theta,
          grunt_vaults_swirl, vaults_room_pool, layout_vaults_chaotic_city,
          uniq_aizul
Vaults:2: vaults_room_ringed_pool, vaults_room_hangedman_quadrants,
          vaults_mumra_hexcomb, minmay_crypt_entry_simple_plaza,
          nicolae_vaults_what_the_h, vaults_room_door_hall, vaults_dpeg_hooks,
          vaults_room_semicircle, vaults_room_grid, vaults_room_hallway,
          vaults_dpeg_ring, layout_vaults_quadrants, uniq_donald, uniq_boris,
          uniq_nikola
Vaults:3: ontoclasm_vaults_ring_square, grunt_vaults_diagonal, v_misc_33,
          nicolae_vaults_rhombus_6, vaults_room_octagon,
          nicolae_vaults_know_your_exits, v_misc_17, nicolae_vaults_big_ls,
          hangedman_vaults_snaps, hangedman_vaults_locks, v_pattern_4,
          nicolae_vaults_three_branches, layout_vaults_omnibox
Vaults:4: vaults_room_boxed, v_misc_17, ontoclasm_vaults_tryst,
          nicolae_vaults_little_squares_1, v_misc_32, hangedman_vaults_stagger,
          v_misc_13, ontoclasm_vaults_twist, nicolae_vaults_mini_display_case,
          vaults_room_fours, v_misc_27, grunt_vaults_hallway_long,
          special_room_vaults [special_room_orc], vaults_room_large_hall,
          ontoclasm_vaults_gateway, v_misc_16, layout_vaults_maze_bifur
Vaults:5
Crypt:1:  layout_regular_city, grunt_crypt_arrival_split
Crypt:2:  layout_catacombs
Crypt:3:  church_of_pain_bobbens, layout_chaotic_city, tomb_entry_simple_bobbens
Tomb:1
Tomb:2
Tomb:3
Depths:1: layout_cave_pools, corexii_hall_statues_t, grunt_mini_vestibule,
          kennysheep_underground_church, kennysheep_random_hallway

Skill      XL: |  1  2  3  4  5  6  7  8  9 10 11 12 13 14 15 16 17 18 19 20 21 22 23 24 25 26 |
---------------+-------------------------------------------------------------------------------+-----
Dodging        | 1 2 3 4 5 7 8 9 10 13 17 18 19 20 21 22 | 22.0
Shields        | 4 5 6 7 8 9 10 11 13 14 15 | 15.0
Fighting       | 4 5 6 7 8 9 10 12 13 14 16 20 21 22 23 | 23.8
Armour         | 4 5 6 7 8 9 10 12 13 14 15 16 17 18 19 20 21 22 23 | 23.0
Maces & Flails | 3 4 5 6 8 9 10 11 12 13 14 16 17 18 20 21 22 | 22.4
Invocations    | 3 5 7 8 10 11 12 13 14 15 16 17 18 19 | 19.2
Evocations     | 3 5 7 8 9 10 11 | 11.0

Action                   |  1- 3 |  4- 6 |  7- 9 | 10-12 | 13-15 | 16-18 | 19-21 | 22-24 | 25-27 || total
-------------------------+-------+-------+-------+-------+-------+-------+-------+-------+-------++-------
Melee: Flail             |   121 |   112 |       |       |       |       |       |       |       ||   233
       Headbutt          |    19 |    23 |    67 |   202 |   389 |   369 |   423 |   597 |   118 ||  2207
       Mace              |       |    31 |   126 |       |       |       |       |       |       ||   157
       Whip              |       |       |   126 |   655 |   270 |       |    18 |    69 |       ||  1138
       Eveningstar       |       |       |       |       |   960 |  1237 |  1394 |  1462 |   312 ||  5365
Invok: Summon Divine War |       |       |       |       |       |       |     4 |     7 |     6 ||    17
       Divine Shield     |       |       |       |       |       |       |     1 |     4 |     1 ||     6
       Cleansing Flame   |       |       |       |       |       |       |       |       |     5 ||     5
Evoke: Wand              |       |       |     3 |     9 |     1 |     4 |     5 |     1 |     2 ||    25
       Lightning rod     |       |       |       |       |       |     1 |     1 |     1 |       ||     3
  Use: Scroll            |       |       |     9 |     7 |    21 |     7 |     2 |     4 |     5 ||    55
       Potion            |       |       |       |     4 |     2 |       |     1 |     1 |     1 ||     9
Armor: Scale mail        |    45 |    48 |       |     8 |   301 |   548 |   138 |       |       ||  1088
       Plate armour      |       |     2 |   126 |   139 |       |       |       |       |       ||   267
       Gold dragon scale |       |       |       |       |       |       |   270 |   445 |   146 ||   861
Dodge: Dodged            |    40 |    45 |    48 |   135 |   410 |  1278 |   553 |   464 |   239 ||  3212
Block: Kite shield       |    50 |    65 |    63 |       |       |       |       |   963 |   361 ||  1502
       Buckler           |       |       |    20 |   243 |   636 |  1151 |   693 |   283 |       ||  3026
